 Dungeon Crawl Stone Soup version 0.31-a0-5-g84e6b3452c (webtiles) character file.

Game seed: 11109158902213514187

3439 DogOnAStick the Fighter (level 10, -20/87 HPs)
             Began as a Merfolk Gladiator on May 5, 2023.
             Was a Believer of Vehumet.
             Demolished by Sonja
             ... wielding a +1 short sword of distortion
              (21 damage)
             ... on level 1 of the Orcish Mines.
             The game lasted 01:29:28 (6432 turns).

DogOnAStick the Fighter (Merfolk Gladiator)         Turns: 6432, Time: 01:29:28

Health: -20/87     AC: 13    Str: 19    XL:     10   Next: 5%
Magic:  10/10      EV: 15    Int:  8    God:    Vehumet [**....]
Gold:   431        SH:  5    Dex: 15    Spells: 8/9 levels left

rFire   x . .        a - +0 trident
rCold   + . .        (no shield)
rNeg    . . .        s - +2 chain mail {Will+}
rPois   .            c - +0 helmet
rElec   .            q - +0 cloak
rCorr   .            u - +0 pair of gloves
SInv    .            (no boots)
Will    +....        m - amulet of reflection Stlth
                     o - +5 ring of evasion
HPRegen 0.34/turn    p - ring of ice
MPRegen 0.12/turn

%: reflection
@: mighty
A: (nimble swimmer 2), mertail
a: Renounce Religion


You were on level 1 of the Orcish Mines.
You worshipped Vehumet.
Vehumet was pleased with you.
You visited 3 branches of the dungeon, and saw 11 of its levels.
You also visited: Bailey.

You collected 431 gold pieces.

Inventory:

Hand Weapons
 a - a +0 trident (weapon)
 l - a +0 spear
 B - a +3 vampiric dagger
 G - a +2 mace of draining
 L - the +10 war axe of Melee {heavy, rC+}
   (You found it on level 9 of the Dungeon)

   rC:        It protects you from cold.
 N - a +0 halberd
Missiles
 d - 3 throwing nets
 e - 7 javelins
 i - 54 stones
 t - 33 poisoned darts
 K - 2 silver javelins
Armour
 c - a +0 helmet (worn)
 g - a +1 ring mail
 q - a +0 cloak (worn)
 s - a +2 chain mail of willpower (worn)
 u - a +0 pair of gloves (worn)
Jewellery
 f - a ring of willpower
 m - an amulet of reflection (around neck)
 o - a +5 ring of evasion (left hand)
 p - a ring of ice (right hand)
 y - an amulet of faith
Wands
 C - a wand of flame (24) (quivered)
 I - a wand of charming (5)
Scrolls
 v - 3 scrolls of butterflies
 x - a scroll of magic mapping
 F - a scroll of vulnerability
 H - a scroll of amnesia
 J - a scroll of poison {unknown}
Potions
 b - 2 potions of flight
 h - 2 potions of might
 j - 2 potions of magic {unknown}
 k - a potion of lignification
 n - 2 potions of brilliance
 r - a potion of resistance {unknown}
 w - a potion of degeneration {unknown}
 z - a potion of heal wounds {unknown}
 A - 3 potions of haste
 D - a potion of berserk rage
 E - a potion of ambrosia {unknown}
 M - a potion of mutation {unknown}
 O - 2 potions of curing


   Skills:
 + Level 11.1 Fighting
 - Level 10.2 Polearms
 - Level 2.0 Throwing
 + Level 7.6 Dodging
 - Level 2.4 Shields
 - Level 3.0 Evocations


You had 8 spell levels left.
You knew the following spells:

 Your Spells              Type           Power      Damage    Failure   Level
a - Magic Dart            Conj           0%         1d3       99%         1

Your spell library contained the following spells:

 Spells                   Type           Power      Damage    Failure   Level
 Poisonous Vapours        Pois/Air       0%         N/A       100%        2
 Necrotise                Necr           0%         1d4       99%         1
 Blink                    Tloc           0%         N/A       100%        2
 Cigotuvi's Dreadful Rot  Necr/Pois/Air  0%         N/A       100%        2
 Lesser Beckoning         Tloc           0%         N/A       100%        2
 Momentum Strike          Conj/Tloc      0%         3d8       100%        2
 Searing Ray              Conj           0%         2d4       100%        2
 Frozen Ramparts          Ice            0%         1d1       100%        3
 Vampiric Draining        Necr           0%         2d6       100%        3
 Fulminant Prism          Conj/Hex       0%         3d5       100%        4
 Ice Form                 Ice/Tmut       0%         N/A       100%        4
 Manifold Assault         Tloc           0%         N/A       100%        4
 Summon Ice Beast         Ice/Summ       0%         N/A       100%        4
 Agony                    Necr           0%         N/A       100%        5
 Ozocubu's Refrigeration  Ice            0%         4d7       100%        7
 Storm Form               Tmut/Air       0%         N/A       100%        7


Dungeon Overview and Level Annotations

Branches:
Dungeon (10/15)            Temple (1/1) D:6             Orc (1/2) D:9
 Bailey (visited)
   Lair: D:8-11

Altars:
Ashenzari
Cheibriados
Dithmenos
Elyvilon
Fedhas
Gozag
Hepliaklqana
Kikubaaqudgha
Makhleb
Nemelex Xobeh
Okawaru
Qazlal
Sif Muna
Trog
Uskayaw
Vehumet
Wu Jian
Xom
Yredelemnul
Zin
The Shining One

Shops:
D:4 *

Annotations:
D:7 Joseph
Orc:1 Sonja


Innate Abilities, Weirdness & Mutations

((You are very nimble when in or above water. (Stealth+, EV+, Speed+++)))
Your lower body shifts to a powerful aquatic tail in water.


Message History

The orc throws a boomerang.
The boomerang misses you.
The orc knight roars a battlecry!
The orc warrior goes into a battle-frenzy!
The warg completely misses you.
The orc warrior attacks as you move away!
The orc warrior closely misses you.
The orc no longer looks unusually strong.
The warg closely misses you.
The orc knight hits you with a +0 great sword.
There is an escape hatch in the floor, spattered with blood here.
You puncture the warg!
The warg is moderately wounded.
The orc no longer looks unusually strong.
The warg barely misses you.
The orc knight hits you with a +0 great sword!
You block the orc warrior's attack. The orc misses you.
You closely miss the orc warrior.
The orc warrior is lightly wounded.
The orc no longer looks unusually strong. x2
The warg barely misses you. The orc hits you but does no damage.
You completely miss Sonja.
Sonja is heavily wounded.
The warg closely misses you.
The orc warrior hits you with a +0 mace.
You completely miss Sonja.
Sonja is heavily wounded.
The warg closely misses you. Sonja hits you but does no damage.
Space warps horribly around you!
* * * LOW HITPOINT WARNING * * *
Sonja closely misses you.
Sonja hits you with a +1 short sword of distortion.
* * * LOW HITPOINT WARNING * * *
The warg bites you.
* * * LOW HITPOINT WARNING * * *
The orc knight roars a battlecry!
The orcs go into a battle-frenzy!
The orc warrior hits you with a +0 mace!
* * * LOW HITPOINT WARNING * * *
Sonja hits you but does no damage. Space warps horribly around you!!
You die...

#### ## ##
##..##.##.#.#
#.............
#....#.........
#.$..........#
##.$...........
#.O.#..........
##K{)#...>.....
#.@oo..........
##hoo..........
...oToo..<.......
..##.........$...
#..
#......#.......
..
##.....##.#..#. #
#...#.#. #. ...
#.....#... #. #.
...... . ..


You could see an orc knight, a troll, a warg, Sonja (poisoned, slow), an orc
warrior (strong), an ogre and 5 orcs.

Vanquished Creatures
  A two-headed ogre (D:9)
  2 trolls (D:9)
  Prince Ribbit (D:9)
  A wraith (D:9)
  A shadow (D:9)
  3 water moccasins (D:7)
  An ice beast (D:5)
  2 orc warriors (Bailey)
  A sky beast (D:7)
  2 phantoms
  A kobold brigand (D:9)
  Blork the orc (D:4)
  A bullfrog (D:7)
  A scorpion (D:4)
  3 troll zombies (D:9)
  A howler monkey (D:4)
  2 hounds
  2 jellies
  Terence (D:2)
  Jessica (D:2)
  3 iguanas
  2 orc wizards
  5 ogre zombies (D:9)
  3 adders
  3 gnolls
  2 shadow imps
  A white imp (D:5)
  An ufetubus (D:5)
  A worm (D:3)
  2 dart slugs
  37 orcs
  7 ball pythons
  9 endoplasms
  2 giant cockroaches
  4 hobgoblins
  13 jackals
  3 quokkas
  A bat (D:1)
  5 frilled lizards
  10 goblins
  2 goblin skeletons (D:9)
  6 goblin zombies (D:9)
  A hobgoblin skeleton (D:9)
  2 hobgoblin zombies (D:9)
  15 kobolds
  4 orc skeletons (D:9)
  10 orc zombies (D:9)
  3 rats
186 creatures vanquished.

Vanquished Creatures (others)
  An orc wizard (Orc:1)
  5 plants (D:3)
6 creatures vanquished.

Grand Total: 192 creatures vanquished

Notes
Turn   | Place    | Note
-------+----------+-------------------------------------------
     0 | D:1      | DogOnAStick the Merfolk Gladiator began the quest for the
                  | Orb.
     0 | D:1      | Reached XP level 1. HP: 16/16 MP: 1/1
   294 | D:1      | Reached XP level 2. HP: 21/22 MP: 2/2
   502 | D:1      | Reached skill level 5 in Polearms
   752 | D:1      | Reached XP level 3. HP: 20/27 MP: 3/3
   835 | D:2      | Reached XP level 4. HP: 27/33 MP: 4/4
   934 | D:2      | Noticed Terence
   952 | D:2      | Killed Terence
  1015 | D:2      | Noticed Jessica
  1021 | D:2      | Killed Jessica
  1022 | D:2      | Reached XP level 5. HP: 34/38 MP: 5/5
  2367 | D:3      | Reached skill level 1 in Shields
  2541 | D:4      | Reached XP level 6. HP: 42/44 MP: 6/6
  2627 | D:4      | Found Cugareav's Fire Supplies.
  2815 | D:4      | Noticed Blork the orc
  2826 | D:4      | Killed Blork the orc
  2827 | D:4      | Reached XP level 7. HP: 45/50 MP: 7/7
  2876 | D:4      | Found a radiant altar of Vehumet.
  3336 | D:4      | Became a worshipper of Vehumet
  3375 | D:5      | Entered Level 5 of the Dungeon
  3434 | D:5      | Reached skill level 10 in Polearms
  3710 | D:5      | Found a hazy altar of Hepliaklqana.
  3710 | D:5      | Found an ancient bone altar of Kikubaaqudgha.
  3715 | D:5      | Found a faded altar of an unknown god.
  3721 | D:5      | Found an iron altar of Okawaru.
  3722 | D:5      | Found a shimmering blue altar of Sif Muna.
  4001 | D:5      | Reached skill level 3 in Fighting
  4184 | D:5      | Learned a level 1 spell: Magic Dart
  4264 | D:6      | Got the Tractate on Frigorific Putridity
  4335 | D:6      | Found an opulent altar of Gozag.
  4403 | D:6      | Reached skill level 4 in Fighting
  4404 | D:6      | Found a bloodstained altar of Trog.
  4444 | D:6      | Found a staircase to the Ecumenical Temple.
  4457 | Temple   | Entered the Ecumenical Temple
  4853 | D:7      | Found a flagged portal.
  4870 | D:7      | Reached XP level 8. HP: 48/61 MP: 8/8
  4876 | Bailey   | Entered a bailey
  4904 | Bailey   | Reached skill level 5 in Fighting
  4904 | Bailey   | Reached skill level 5 in Dodging
  5043 | Bailey   | Reached * piety under Vehumet
  5043 | Bailey   | Offered knowledge of Sandblast by Vehumet.
  5065 | Bailey   | Reached skill level 6 in Fighting
  5280 | Bailey   | Noticed an orc knight
  5372 | D:7      | Reached skill level 7 in Fighting
  5446 | D:7      | Noticed Joseph
  5449 | D:7      | You fall into a shaft and drop 3 floors!
  5449 | D:10     | Entered Level 10 of the Dungeon
  5556 | D:9      | Noticed Prince Ribbit
  5596 | D:9      | Killed Prince Ribbit
  5597 | D:9      | Reached skill level 8 in Fighting
  5597 | D:9      | Reached skill level 1 in Evocations
  5597 | D:9      | Reached XP level 9. HP: 74/75 MP: 9/9
  5783 | D:9      | Found a staircase to the Orcish Mines.
  5792 | D:9      | Reached skill level 9 in Fighting
  5834 | D:9      | Noticed a troll
  5896 | D:9      | Killed a troll
  5935 | D:9      | Noticed a troll
  5957 | D:9      | Killed a troll
  5957 | D:9      | Offered knowledge of Poisonous Vapours by Vehumet.
  6011 | D:9      | Reached ** piety under Vehumet
  6035 | D:9      | Identified the +10 war axe of Melee {heavy, rC+}
  6111 | D:9      | Reached skill level 10 in Fighting
  6318 | D:9      | Noticed a two-headed ogre
  6342 | D:9      | Killed a two-headed ogre
  6343 | D:9      | Reached skill level 11 in Fighting
  6343 | D:9      | Reached XP level 10. HP: 59/87 MP: 10/10
  6409 | Orc:1    | Entered Level 1 of the Orcish Mines
  6409 | Orc:1    | Noticed an orc knight
  6412 | Orc:1    | Noticed Sonja
  6432 | Orc:1    | HP: 1/87 [orc warrior/+0 mace (12)]
  6432 | Orc:1    | Demolished by Sonja

Illustrated notes

Levels and vault maps discovered:
D:1:      saegor_arrival_simple_d, layout_basic
D:2:      layout_loops_ring, uniq_terence, uniq_jessica
D:3:      corexii_shack_village, layout_loops_corners, roderic_serpentine_path,
          grunt_decor_resistance
D:4:      layout_basic, vehumet_altar_wand_db, nicolae_shop_fire_sale
          [nicolae_sub_dead_trees], uniq_blork_the_orc
D:5:      layout_gridville, chequers_temple_overflow_minitemple
D:6:      layout_basic, mainiacjoe_overflow_catwalk_spiral,
          minmay_temple_entry_fiery
D:7:      layout_basic, nicolae_ru_awakened_eye, enter_bailey_2,
          corexii_leaking_fountain, minivault_23, uniq_joseph
D:9:      layout_loops_corners, zombieorc2_lemuel, uniq_prince_ribbit1
D:10:     layout_roguey, ebering_ghost_rock_garden, uniq_harold
Temple:   zaba_magenta_temple
Orc:1:    layout_caves, uniq_sonja

Skill      XL: |  1  2  3  4  5  6  7  8  9 |
---------------+----------------------------+-----
Polearms       | 5 6 7 8 9 10 | 10.2
Shields        | 1 2 |  2.4
Fighting       | 4 8 11 | 11.1
Dodging        | 6 7 |  7.6
Evocations     | 1 3 |  3.0
Throwing       | |  2.0

Action                     |  1- 3 |  4- 6 |  7- 9 | 10-12 || total
---------------------------+-------+-------+-------+-------++-------
  Melee: Trident           |    92 |   192 |   485 |    29 ||   798
         Punch             |       |     1 |     6 |       ||     7
  Evoke: Wand              |       |       |    14 |       ||    14
    Use: Scroll            |     5 |     5 |    15 |       ||    25
         Potion            |       |       |     2 |     1 ||     3
 Armour: Leather armour    |     3 |       |       |       ||     3
         Ring mail         |    23 |     9 |       |       ||    32
         Chain mail        |       |    18 |   107 |    20 ||   145
  Dodge: Dodged            |    37 |    70 |   217 |    30 ||   354
  Block: Other             |    10 |    33 |    71 |    14 ||   128
         Reflection        |       |     3 |     1 |     1 ||     5

Table legend: (Time is in decaauts)
 A = Elapsed time spent in this place.
 B = Non-inter-level travel time spent in this place.
 C = Inter-level travel time spent in this place.
 D = Time resting spent in this place.
 E = Time spent auto-exploring this place.
 F = Levels seen in this place.
 G = Mean time per level.
                   A        B        C        D        E       F      G
               +--------+--------+--------+--------+--------+-----+--------+
         Total |   6281 |   2106 |   4175 |      0 |      0 |  12 |  523.4 |
       Dungeon |   5817 |   1708 |   4109 |      0 |      0 |   9 |  646.3 |
        Temple |     71 |      5 |     66 |      0 |      0 |   1 |   71.0 |
  Orcish Mines |     19 |     19 |      0 |      0 |      0 |   1 |   19.0 |
        Bailey |    372 |    372 |      0 |      0 |      0 |   1 |  372.0 |
               +--------+--------+--------+--------+--------+-----+--------+

Top non-repeatable levels by time:
     D:3: 1106 daAuts
     D:9: 903 daAuts
     D:5: 868 daAuts
     D:4: 848 daAuts
     D:1: 769 daAuts
     D:2: 629 daAuts
     D:6: 511 daAuts
  Bailey: 372 daAuts
     D:7: 174 daAuts
  Temple: 71 daAuts
   Orc:1: 19 daAuts
    D:10: 6 daAuts
